 Dungeon Crawl Stone Soup version 0.29.1-15-g9cfb28693d (webtiles) character file.

Game seed: 1706484496447478462

107 croobank the Firebug (level 4, 0/35 HPs)
             Began as a Demigod Fire Elementalist on Apr 17, 2023.
             Killed by divine providence
             ... invoked by an orc priest
              (10 damage)
             ... on level 3 of the Dungeon.
             The game lasted 00:04:21 (3096 turns).

croobank the Firebug (Demigod Fire Elementalist)    Turns: 3096, Time: 00:04:22

Health: 0/35       AC:  8    Str:  9    XL:     4   Next: 31%
Magic:  1/10       EV: 12    Int: 21    God:
Gold:   112        SH:  0    Dex: 14    Spells: 4/7 levels left

rFire   . . .      SeeInvis .   a - +1 dagger
rCold   . . .      Faith    .   (no shield)
rNeg    . . .      Spirit   .   h - +0 robe
rPois   .          Reflect  .   (no helmet)
rElec   .          Harm     .   d - +0 cloak
rCorr   .          Rampage  .   k - +0 pair of gloves
Will    .....                   (no boots)
Stlth   ++........              (no amulet)
HPRegen 0.11/turn               f - +4 ring of protection
MPRegen 0.12/turn               o - ring of wizardry

@: no status effects
A: high MP 1, forlorn, divine attributes
a: no special abilities


You were on level 3 of the Dungeon.
You visited 1 branch of the dungeon, and saw 3 of its levels.

You collected 112 gold pieces.

Inventory:

Hand Weapons
 a - a +1 dagger (weapon)
 t - a +0 trident
Armour
 d - a +0 cloak (worn)
 h - a +0 robe (worn)
 k - a +0 pair of gloves (worn)
 r - an orb of energy
Jewellery
 f - a +4 ring of protection (left hand)
 o - a ring of wizardry (right hand)
Scrolls
 j - a scroll of acquirement {unknown}
 m - a scroll of fear {unknown}
 q - a scroll of magic mapping {unknown}
Potions
 b - a potion of magic
 c - a potion of brilliance {unknown}
 e - a potion of might {unknown}
 g - a potion of curing {unknown}
 i - 2 potions of degeneration {unknown}
 l - a potion of attraction {unknown}
 n - 2 potions of heal wounds {unknown}
 p - a potion of ambrosia {unknown}


   Skills:
 + Level 1.0 Fighting
 + Level 2.4 Dodging
 + Level 2.4 Stealth
 + Level 2.3 Spellcasting
 + Level 1.8 Conjurations
 + Level 3.1 Fire Magic


You had 4 spell levels left.
You knew the following spells:

 Your Spells              Type           Power      Damage    Failure   Level
a - Foxfire               Conj/Fire      52%        2x1d6     1%          1
b - Scorch                Fire           30%        2d7       2%          2

Your spell library contained the following spells:

 Spells                   Type           Power      Damage    Failure   Level
 Apportation              Tloc           4%         N/A       6%          1
 Sting                    Tmut/Pois      8%         1d3       6%          1
 Conjure Flame            Conj/Fire      13%        6-21      6%          3
 Poisonous Vapours        Pois/Air       4%         N/A       9%          2
 Inner Flame              Hex/Fire       9%         N/A       9%          3
 Flame Wave               Conj/Fire      13%        2d6       21%         4
 Olgreb's Toxic Radiance  Pois           2%         N/A       45%         4
 Alistair's Intoxication  Tmut/Pois      1%         N/A       80%         5


Dungeon Overview and Level Annotations

Branches:
Dungeon (3/15)


Innate Abilities, Weirdness & Mutations

You have an increased reservoir of magic. (+10% MP)
You shall have no god before yourself.
Your divine heritage dramatically boosts your attributes as you level up.


Message History

Flames lash the orc.
The orc is almost dead.
The orc's fire resistance burns away.
Casting: Scorch (safe; 2% risk of failure)
Confirm with . or Enter, or press ? or * to list all spells.
You don't have enough magic to cast this spell.
You hit the orc.
You kill the orc!
The orc priest hits you from afar with a +0 trident.
Casting: Scorch (safe; 2% risk of failure)
Confirm with . or Enter, or press ? or * to list all spells.
You don't have enough magic to cast this spell.
The orc priest hits you with a +0 trident.
Things that are here:
a +0 dagger; 2 boomerangs; an orc corpse
Casting: Scorch (safe; 2% risk of failure)
Confirm with . or Enter, or press ? or * to list all spells.
You don't have enough magic to cast this spell.
Casting: Scorch (safe; 2% risk of failure)
Confirm with . or Enter, or press ? or * to list all spells.
You conjure some foxfire!
The orc priest barely misses you.
You completely miss the orc priest.
The orc priest is lightly wounded.
The foxfire hits the orc priest.
The orc priest is moderately wounded.
The foxfire hits the orc priest.
The orc priest is severely wounded.
The orc priest hits you with a +0 trident.
You barely miss the orc priest.
The orc priest is severely wounded.
The orc priest barely misses you.
You hit the orc priest.
The orc priest is almost dead.
The orc priest hits you with a +0 trident.
* * * LOW HITPOINT WARNING * * *
You hit the orc priest.
The orc priest is almost dead.
The orc priest invokes the aid of Beogh against you.
Beogh smites you!
You die...

###########
..........# ...
.. #########.#
#.###.# #.#
#..#..# #.#
#.....# #.#
#.._..### #.#
#._8_....
#.######.o...#.#
#.......@).!...#
###########...##
##


You could see an orc priest.

Vanquished Creatures
  An orc priest (D:3)
  Natasha (D:3)
  A dart slug (D:1)
  4 orcs (D:3)
  4 ball pythons (D:1)
  An endoplasm (D:1)
  A giant cockroach (D:2)
  5 goblins
  4 hobgoblins
  2 jackals (D:1)
  4 kobolds
  A quokka (D:1)
  4 bats
  A frilled lizard (D:3)
  8 rats
42 creatures vanquished.

Vanquished Creatures (collateral kills)
  A quokka (D:1)
  A kobold (D:1)
2 creatures vanquished.

Vanquished Creatures (others)
  62 foxfires
62 creatures vanquished.

Grand Total: 106 creatures vanquished

Notes
Turn   | Place    | Note
-------+----------+-------------------------------------------
     0 | D:1      | croobank the Demigod Fire Elementalist began the quest for
                  | the Orb.
     0 | D:1      | Reached XP level 1. HP: 14/14 MP: 5/5
   120 | D:1      | Reached skill level 1 in Conjurations
   408 | D:1      | Reached XP level 2. HP: 20/20 MP: 5/7
   459 | D:1      | Learned a level 2 spell: Scorch
  1645 | D:2      | Reached XP level 3. HP: 26/26 MP: 5/8
  1954 | D:2      | Reached skill level 3 in Fire Magic
  2707 | D:3      | Noticed Natasha
  2709 | D:3      | Killed Natasha
  2857 | D:3      | Reached skill level 1 in Fighting
  2857 | D:3      | Reached XP level 4. HP: 26/35 MP: 1/10
  3096 | D:3      | Killed from afar by an orc priest

Illustrated notes

Levels and vault maps discovered:
D:1:      co_arrival_square_in_a_square_in_a_square, layout_loops_corners
D:2:      layout_basic, minivault_27
D:3:      layout_loops_ring, xom_teletrap_fun,
          chequers_temple_overflow_statue_of_worship, uniq_natasha, uniq_terence

Skill      XL: |  1  2  3 |
---------------+----------+-----
Conjurations   | 1 |  1.8
Stealth        | 2 |  2.4
Dodging        | 2 |  2.4
Spellcasting   | 2 |  2.3
Fire Magic     | 3 |  3.1
Fighting       | 1 |  1.0

Action                   |  1- 3 |  4- 6 || total
-------------------------+-------+-------++-------
Melee: Dagger            |    26 |     5 ||    31
 Cast: Foxfire           |    35 |     2 ||    37
       Scorch            |    20 |     4 ||    24
  Use: Scroll            |     4 |     1 ||     5
 Stab: Sleeping          |     3 |       ||     3
Armor: Robe              |    15 |       ||    15
Dodge: Dodged            |    24 |     2 ||    26
